AoeStats
← Gripen

Arabia

510969038Analyzed
2v2 RM · 11h ago on Oct 3, 2026· 21m 55s· 4 players
Game mode
Random Map
Map size
Medium (4 player)
Population
200
Speed
Normal
Resources
Standard
Victory
Conquest
Starting age
Dark Age
Ending age
Imperial Age
RankedLock teamsTeams togetherTeam positionsShared explorationLock speedFull tech treeHidden civsTurbo modeCheats
Victory
Defeat
🇸🇪 Mapuche · Sweden
1504
+10
🇸🇪 Byzantines · Sweden
1284
+18
🇷🇺 Varangians · Russia
1361
-14
🇷🇺 Saxons · Russia
1361
-14
m@verick
7:07 Loom
9:30 Feudal Age
10:53 Double-Bit Axe
16:03 Horse Collar
19:03 Fletching
19:24 Padded Archer Armor
alex
6:35 Loom
9:35 Feudal Age
10:07 Double-Bit Axe
10:35 Man-at-Arms
19:19 Fletching
24:01 Castle Age
J.D.Rehn
8:26 Loom
10:43 Feudal Age
11:30 Double-Bit Axe
11:08 Man-at-Arms
13:01 Horse Collar
13:43 Arson
19:16 Fletching
Gripen
7:36 Loom
10:11 Feudal Age
10:57 Feudal Age
12:03 Feudal Age
20:17 Castle Age
18:20 Fletching
18:29 Double-Bit Axe
20:19 Crossbowman
21:15 Bodkin Arrow
Connection lost

Rejoining the realm…

Still unreachable

The connection could not be restored.

Session expired

The server has moved on; the page needs a fresh start.